 Dungeon Crawl Stone Soup version 0.16-a0-66-gff12a3a (webtiles) character file.

73 Chiseanne the Vexing (level 4, 0/18 HPs)
             Began as a Spriggan Enchanter on Aug 7, 2014.
             Killed from afar by an orc wizard (7 damage)
             ... with a puff of frost
             ... on Level 3 of the Dungeon.
             The game lasted 00:10:15 (2928 turns).

Chiseanne the Vexing (Spriggan Enchanter)           Turns: 2928, Time: 00:10:15

HP   0/18        AC  3     Str  4      XL: 4   Next:  8%
MP   2/15        EV 18     Int 19      God:
Gold 111         SH  0     Dex 16      Spells:  2 memorised,  7 levels left

rFire  . . .     SeeInvis +     m - +0 short sword (holy)
rCold  . . .     Clarity  .     b - +1 robe
rNeg   . . .     rCorr    .     (shield restricted)
rPois  .         rRot     .     (helmet restricted)
rElec  .         Spirit   .     (no cloak)
SustAb .         Warding  .     (gloves unavailable)
rMut   .         Stasis   .     (boots unavailable)
Gourm  .                        (no amulet)
MR     .....                    (no ring)
                                (no ring)

@: lethally poisoned, very slightly contaminated, very quick, not resistant to
hostile enchantments, fairly stealthy
A: unfitting armour, see invisible, clever 1, deterioration 1, herbivore 3,
speed 3, frail 1, slow metabolism 2
a: no special abilities


You were on level 3 of the Dungeon.
You were full.

You visited 1 branch of the dungeon, and saw 3 of its levels.

You collected 111 gold pieces.

Inventory:

Hand weapons
 m - a +0 short sword of holy wrath (weapon)
Missiles
 e - a throwing net (quivered)
Armour
 b - a +1 robe (worn)
Comestibles
 a - 3 fruits
 l - a bread ration
Scrolls
 g - a scroll of teleportation
Potions
 d - a potion of porridge
Books
 c - a book of Maledictions

   Spells                             Type                      Level
   *Corona                            Hexes                        1
   Sure Blade                         Hexes/Charms                 2
   Ensorcelled Hibernation            Hexes/Ice                    2
   *Confuse                           Hexes                        3
   Dazzling Spray                     Conjuration/Hexes            3
   Enslavement                        Hexes                        4


   Skills:
 * Level 0.7 Fighting
 - Level 1.1 Short Blades
 - Level 3.0 Dodging
 - Level 4.4 Stealth
 * Level 4.3 Spellcasting
 * Level 4.6 Hexes


You had 7 spell levels left.
You knew the following spells:

 Your Spells              Type           Power        Failure   Level  Hunger
a - Corona                Hex            ###....      1%          1    None
b - Confuse               Hex            ###.....     8%          3    ###....


Dungeon Overview and Level Annotations

Branches:
Dungeon (3/15)

Altars:


Innate Abilities, Weirdness & Mutations

You are tiny and cannot use many weapons and most armour.
You have supernaturally acute eyesight.
You are a herbivore.
You cover ground extremely quickly.
You need consume almost no food.
Your mind is acute. (Int +2)
Your body is slowly deteriorating.
You are frail (-10% HP).


Message History

Drink which item? (? for menu, Esc to quit)
You feel much better.
The orc wizard hits you with a runed dagger.
You are poisoned.
The orc wizard gestures at you while chanting.
The magic dart hits you!
Drink which item? (? for menu, Esc to quit)
You feel extremely strange.
You feel frail.
You feel clever.
You feel yourself wasting away.
You feel sick. The orc wizard barely misses you.
Casting: Corona
Confirm with . or Enter, or press ? or * to list all spells.
Aiming: Corona
Press: ? - help, Shift-Dir - straight line, f/p - orc wizard
Aim: an orc wizard, wielding a dagger of venom and wearing a robe (moderately wounded, fast, softly glowing)
The orc wizard glows brighter.
You feel sick.
The orc wizard's eyes start to glow.
The orc wizard gestures at you while chanting.
The puff of frost hits you!
You die...

### ... #..
#.. #?# #(#
#o# #o# #@#
#.#.
#.#.#######
#.#.#.....#
#.#.#.###.#
#.#.#.#<#.#
#.#.#%#.#.#
##'#.#.#.#.#
#......#.#.#


You could see an orc wizard and an orc.

Vanquished Creatures
  An adder (D:3)
  2 giant geckos
  An orc (D:3)
  A ball python (D:1)
  9 bats
  6 giant cockroaches
  6 hobgoblins
  9 jackals
  5 giant newts
  6 goblins (D:1)
  7 kobolds
  4 rats
57 creatures vanquished.

Notes
Turn   | Place    | Note
--------------------------------------------------------------
     0 | D:1      | Chiseanne, the Spriggan Enchanter, began the quest for the Orb.
     0 | D:1      | Reached XP level 1. HP: 9/9 MP: 4/4
   292 | D:1      | Reached XP level 2. HP: 11/13 MP: 6/8
  1048 | D:1      | Reached XP level 3. HP: 10/17 MP: 9/11
  1190 | D:1      | Learned a level 3 spell: Confuse
  2906 | D:3      | Reached XP level 4. HP: 19/21 MP: 11/15
  2927 | D:3      | Gained mutation: You are frail (-10% HP). [potion of mutation]
  2927 | D:3      | Gained mutation: Your mind is acute. (Int +2) [potion of mutation]
  2927 | D:3      | Gained mutation: Your body is slowly deteriorating. [potion of mutation]
  2928 | D:3      | Killed from afar by an orc wizard

Action                   |  1- 3 |  4- 6 || total
-------------------------+-------+-------++-------
Melee: Dagger            |   194 |       ||   194
       Short sword       |    36 |     6 ||    42
 Cast: Corona            |    61 |     3 ||    64
       Confuse           |    11 |     2 ||    13
  Use: Scroll            |     7 |       ||     7
       Potion            |       |     2 ||     2
 Stab: Confused          |     5 |     1 ||     6
       Sleeping          |     4 |       ||     4
  Eat: Bread ration      |     1 |       ||     1
